Map: Bel'Shir Vestige LE (Void)

Players

Optimus

  • Race: Terran Terran
  • League: Grandmaster
  • Spawn Location: 5:00

A.I. 1 (Very Easy) - Winner!

  • Race: Zerg Zerg
  • Spawn Location: 11:00

Event: IEM XI Katowice - World Championship 2017

VOD

Have the link to the VOD?

Description

Time

  • Played on: Feb. 27, 2017, 6:10 a.m.
  • Length: 5:16
Show
View Real Time Build Order
Export as new Build Order

Optimus Terran 

Build Orders:  

Get SALT Encoding   

  12  0:00  SCV  
  13  0:13  SCV  
  14  0:18  Supply Depot  
  14  0:25  SCV  
  15  0:31  Refinery  
  15  0:40  SCV  
  16  0:45  Barracks  
  16  0:54  SCV  
  17  1:06  SCV  
  19  1:18  SCV  
  19  1:30  SCV  
Show
View Real Time Build Order
Export as new Build Order

A.I. 1 (Very Easy) Zerg - Winner!

Build Orders: Pool Only 

Get SALT Encoding   

  12  0:00  Drone  
  13  0:12  Overlord  
  13  0:17  Drone  
  14  0:35  Spawning Pool  
  13  0:37  Drone  
  13  0:41  Extractor  
  13  0:44  Drone  
  14  0:51  Overlord  
  14  1:21  Queen  
  14  1:23  Zergling x2  
  17  1:29  Roach Warren  
  17  1:30  Extractor  
  15  1:34  Drone  
  16  1:41  Drone  
  17  1:49  Zergling x2  
  18  2:02  Drone  
  19  2:09  Drone  
  20  2:16  Zergling x2  
  20  2:17  Drone  
  22  2:28  Overlord  
  22  2:31  Drone  
  23  2:38  Drone  
  23  2:42  Roach  
  26  2:51  Drone  

Tags
 
Add a new tag
Caveats
  • Supply blocks, unpowered buildings, or Contaminate may cause inaccurate times.
  • Supply counts are checked every 10 seconds.